 Dungeon Crawl Stone Soup version 0.31.0-32-g396128a36d (webtiles) character file.

Game seed: 12682568579822416028

3 spaghetti the Trooper (level 1, 0/23 (26) HPs)
             Began as an Oni Chaos Knight on Mar 10, 2024.
             Was a Plaything of Xom.
             Slain by a gnoll
             ... wielding a +1 flail of draining
              (5 damage)
             ... on level 1 of the Dungeon.
             The game lasted 00:00:12 (95 turns).

spaghetti the Trooper (Oni Chaos Knight)              Turns: 95, Time: 00:00:13

HP:   0/23 (26)     AC:  5    Str: 15    XL:     1   Next: 50%
MP:   1/1           EV:  9    Int: 13    God:    Xom [..*...]
Gold: 5             SH:  0    Dex:  8    Spells: 0/0 levels left

rFire   . . .        a - +0 spear (chaos)
rCold   . . .        (no shield)
rNeg    . . .        b - +2 robe
rPois   .            (helmet restricted)
rElec   .            (no cloak)
rCorr   .            (gloves unavailable)
SInv    .            (boots unavailable)
Will    .....        (no amulet)
Stlth   +            (no ring)
HPRegen 0.23/turn    (no ring)
MPRegen 0.07/turn

%: no passive effects
@: about to teleport, heavily drained
A: large, unfitting armour, horns 1, tough skin 1, double potion healing,
drunken brawling
a: Renounce Religion


You were on level 1 of the Dungeon.
You worshipped Xom.
You were a toy of Xom.
You visited 1 branch of the dungeon, and saw 1 of its levels.

You collected 5 gold pieces.

Inventory:

Hand Weapons
 a - a +0 spear of chaos (weapon)
Armour
 b - a +2 robe (worn)
Scrolls
 c - a scroll of butterflies
 e - a scroll of acquirement {unknown}
 f - a scroll of teleportation
Potions
 d - a potion of lignification {unknown}


   Skills:
 + Level 4.3 Fighting
 - Level 3.0 Polearms
 - Level 2.1 Dodging


You couldn't memorise any spells.
You didn't know any spells.
Your spell library was empty.

Dungeon Overview and Level Annotations

Branches:
Dungeon (1/15)

Altars:


Innate Abilities, Weirdness & Mutations

You are too large for most types of armour.
You have a pair of small horns on your head.
You have tough skin. (AC +1)
You gain doubled healing and magic from potions.
Whenever you drink a healing potion, you attack all around you.


Message History

No target in view!
No target in view!
No target in view!
No target in view!
No target in view!
Found 6 stones.
e - a scroll labelled YJON GEHIANN
f - a scroll labelled GUMUJI DAULA No target in view!
No target in view!
No target in view!
No target in view!
f - 2 scrolls labelled GUMUJI DAULA (gained 1)
A gnoll comes into view. It is wielding a +1 flail of draining.
The gnoll shouts!
A gnoll is nearby!
A gnoll is nearby!
You reach to attack!
You closely miss the gnoll.
An endoplasm comes into view.
You hit the gnoll.
The gnoll seems to slow down.
You headbutt the gnoll.
The gnoll is moderately wounded.
You almost hear Xom's maniacal laughter.
Nothing appears to happen...
Ominous!
The gnoll hits you with a +1 flail of draining!
You feel drained.
You are too injured to fight recklessly!
You are too injured to fight recklessly!
You are too injured to fight recklessly!
You are too injured to fight recklessly!
You are too injured to fight recklessly!
As you read the scroll labelled GUMUJI DAULA, it crumbles to dust.
You feel strangely unstable.
It was a scroll of teleportation.
Xom is amused.
You hit the gnoll but do no damage.
The gnoll is moderately wounded.
The gnoll hits you with a +1 flail of draining!
* * * LOW HITPOINT WARNING * * *
A shower of butterflies erupts from you!
You feel drained.
You die...

.. #.# ..##
######..#####
............. ####.#####
#........#
##.############.##.###.#
...J.bg@bb..............
##.############........#
######.... #..†. #..>#
###############.#.#
................#.#
######..#########..
#############.###### ###


You could see a gnoll (slow, ally target) and an endoplasm.

Vanquished Creatures
  An endoplasm (D:1)
  A giant cockroach (D:1)
  A bat (D:1)
3 creatures vanquished.

Notes
Turn   | Place    | Note
-------+----------+-------------------------------------------
     0 | D:1      | spaghetti the Oni Chaos Knight began the quest for the Orb.
     0 | D:1      | Reached XP level 1. HP: 24/24 MP: 1/1
    28 | D:1      | XOM: silly message
    93 | D:1      | XOM: silly message
    95 | D:1      | XOM: butterfly on damage
    95 | D:1      | Slain by a gnoll

Illustrated notes

Levels and vault maps discovered:
D:1:      onia_arrival_pyramid, layout_basic

Action                     || total
---------------------------++-------
  Melee: Spear             ||     8
         Headbutt          ||     1
    Use: Scroll            ||     1
 Armour: Robe              ||     4
  Dodge: Dodged            ||     1
